 Dungeon Crawl Stone Soup version 0.24.1-4-ge52af88ad5 (webtiles) character file.

Game seed: 13311466648797905373, levelgen mode: deterministic

8675 MajorAdolf the Cleaver (level 11, -5/159 HPs)
             Began as a Naga Wanderer on Apr 12, 2020.
             Was an Initiate of Gozag.
             Slain by an orc warrior
             ... wielding a cursed +0 glaive
              (15 damage)
             ... on level 10 of the Dungeon.
             The game lasted 00:23:52 (15687 turns).

MajorAdolf the Cleaver (Naga Wanderer)             Turns: 15687, Time: 00:23:53

Health: -5/159     AC: 11    Str: 25    XL:     11   Next: 34%
Magic:  5/5        EV: 12    Int: 13    God:    Gozag
Gold:   150        SH:  0    Dex: 18    Spells: 16/16 levels left

rFire    + . .     SeeInvis +   a - +3 war axe of the Puffin {antimagic, rF++}
rCold    + . .     Gourm    .   (no shield)
rNeg     . . .     Faith    .   D - +1 scale mail "Rotiozos" {Dex+2} (curse)
rPois    +         Spirit   .   (no helmet)
rElec    .         Reflect  .   x - +0 cloak
rCorr    .         Harm     .   (no gloves)
MR       +....                  (no barding)
Stlth    ..........             (no amulet)
HPRegen  0.36/turn              i - ring of protection from cold
MPRegen  0.09/turn              h - ring of Budah {rF- Str+3 Int+3 Stlth+}

@: berserking, gold aura, quick
A: large, thin skeletal structure 1, see invisible, deformed body, poison
resistance, robust 1, slowness 2, slow metabolism 1, spit poison 1, AC +3
a: Spit Poison, Potion Petition, Call Merchant, Bribe Branch, Renounce Religion


You were on level 10 of the Dungeon.
You worshipped Gozag.
Gozag was aware of your devotion.
You were not hungry.

You visited 2 branches of the dungeon, and saw 11 of its levels.
You also visited: Sewer and Ossuary.

You collected 1073 gold pieces.
You spent 360 gold pieces at shops.
You paid 563 gold pieces to Gozag.

Inventory:

Hand Weapons
 a - the +3 war axe of the Puffin (weapon) {antimagic, rF++}
   (You found it on level 8 of the Dungeon)

   It reduces the magical energy of the wielder, and disrupts the spells and
   magical abilities of those hit.
   Natural abilities and divine invocations are not affected.
   It greatly protects you from fire.
 b - a +0 war axe
 c - a +0 hand axe
 e - a +3 dagger of venom
Armour
 x - a +0 cloak (worn)
 C - the +0 scale mail of Understanding {rC+}
   (You bought it in a shop on level 10 of the Dungeon)

   It protects you from cold.
 D - the cursed +1 scale mail "Rotiozos" (worn) {Dex+2}
   (You bought it in a shop on level 10 of the Dungeon)

   It affects your dexterity (+2).
   It has a curse placed upon it.
Jewellery
 g - a cursed -2 ring of dexterity {unknown}
 h - the ring of Budah (right hand) {rF- Str+3 Int+3 Stlth+}
   (You found it on level 4 of the Dungeon)

   [ring of stealth]

   It affects your strength (+3).
   It affects your intelligence (+3).
   It makes you vulnerable to fire.
   It makes you more stealthy.
 i - a ring of protection from cold (left hand)
 q - the amulet of Boyhon {Inacc Int+3 Stlth+, unknown}
   (You found it on level 8 of the Dungeon)

   [amulet of inaccuracy]

   It reduces the accuracy of all your attacks.
   It affects your intelligence (+3).
   It makes you more stealthy.
 s - an uncursed ring of flight
 B - a cursed ring of stealth {unknown}
Wands
 j - a wand of iceblast (5)
 u - a wand of digging (4)
 A - a wand of random effects (28)
Scrolls
 d - a scroll of magic mapping {unknown}
 k - 2 scrolls of enchant armour
 m - 4 scrolls of remove curse
 n - 6 scrolls of identify
 p - 6 scrolls of fog
 y - a scroll of amnesia
 z - a scroll of teleportation
Potions
 l - 3 potions of curing
 r - 2 potions of flight
 v - a potion of brilliance
 w - 2 potions of mutation
Comestibles
 f - 8 rations


   Skills:
 - Level 6.2 Fighting
 * Level 9.6 Axes
 + Level 7.7 Armour
 + Level 6.3 Dodging
 - Level 1.5 Stealth
   Level 1.0 Shields
 - Level 1.0 Unarmed Combat
 - Level 3.0 Spellcasting
   Level 2.0 Air Magic
 + Level 5.1 Evocations


You had 16 spell levels left.
You didn't know any spells.
Your spell library contained the following spells:

 Spells                   Type           Power        Failure   Level  Hunger
 Magic Dart               Conj           #...         43%         1    #......
 Poisonous Vapours        Pois/Air       #.....       43%         2    ###....
 Blink                    Tloc           N/A          58%         2    ###....
 Call Imp                 Summ           #.......     58%         2    ###....
 Slow                     Hex            #.......     58%         2    ###....
 Mephitic Cloud           Conj/Pois/Air  #.......     75%         3    ###....
 Conjure Flame            Conj/Fire      #.......     82%         3    ###....
 Freezing Cloud           Conj/Ice/Air   #.........   100%        6    #######
 Ring of Flames           Chrm/Fire      #.........   100%        7    #######


Dungeon Overview and Level Annotations

Branches:
Dungeon (10/15)            Temple (1/1) D:6           Sewer (visited)
Ossuary (visited)
   Lair: D:8-11         Orc: D:9-12

Altars:
Ashenzari
Cheibriados
Dithmenos
Elyvilon
Fedhas
Gozag
Hepliaklqana
Kikubaaqudgha
Makhleb
Nemelex Xobeh
Okawaru
Qazlal
Ru
Sif Muna
Trog
Uskayaw
Vehumet
Wu Jian
Xom
Yredelemnul
Zin
The Shining One

Shops:
D:10 [

Annotations:
D:5 1 runed translucent door, Crazy Yiuf
D:8 3 runed translucent doors, Harold; Jaiteiro's ghost, novice GnFi; hazymike's ghost, novice OgSk; kolakolka's ghost, novice TrMo
D:9 exclusion: statue
D:10 Gastronok


Innate Abilities, Weirdness & Mutations

You cannot wear boots.
Your serpentine skin is tough. (AC +3)
You have supernaturally acute eyesight. (SInv)
Armour fits poorly on your strangely shaped body.
Your system is resistant to poisons. (rPois)
You cover ground very slowly.
You have a slow metabolism.
You can spit poison.
You have a somewhat thin skeletal structure. (Dex +2, Stealth)
You are robust. (+10% HP)


Message History

The orc warrior misses you.
You barely miss the orc warrior.
The orc warrior is heavily wounded.
The orc warrior hits you from afar with a cursed +0 glaive!
* * * LOW HITPOINT WARNING * * *
The orc warrior hits you with a +0 flail.
* * * LOW HITPOINT WARNING * * *
Unknown command.
You feel better. The orc warrior barely misses you.
The orc becomes distracted by the nearby gold, dreaming of imaginary riches.
The orc warrior hits you but does no damage.
A red film seems to cover your vision as you go berserk!
You feel yourself moving faster!
You feel mighty!
The orc warrior hits you from afar with a cursed +0 glaive!!
* * * LOW HITPOINT WARNING * * *
You slice the orc warrior!!
You kill the orc warrior!
The orc warrior hits you with a cursed +0 glaive!
You die...
Your body crumbles into a pile of gold.

############
#..........# $
###..........#
##.'..........#
#..#..........#
$#.##..........# $ $
#@##..........#
#o##..........#
o.F..oho##.....<....#
.....$########'######
###### ##.# #..# #.##
#.# #.#


You could see an orc warrior, a hound and an orc.

Vanquished Creatures
  Erica (D:8)
  2 two-headed ogres
  Pikel (D:7)
  A cyclops (D:10)
  Joseph (D:8)
  A kobold demonologist (D:8)
  Prince Ribbit (D:8)
  2 hippogriffs (D:8)
  5 yaks
  A hungry ghost (D:8)
  A water moccasin (D:5)
  6 orc warriors
  2 slaves (D:7)
  A sky beast (D:7)
  3 ice beasts
  2 eyes of draining (D:7)
  3 ogres
  2 centaurs
  2 big kobolds
  2 elf zombies (Ossuary)
  5 bullfrogs
  A gnoll sergeant (D:7)
  A scorpion (D:5)
  2 howler monkeys (D:9)
  2 centaur zombies
  4 crimson imps
  A human zombie (Ossuary)
  A jelly (D:8)
  6 hounds
  2 bullfrog skeletons
  3 orc priests
  2 centaur skeletons
  9 worker ants
  4 orc wizards
  A big kobold zombie (Ossuary)
  A hound zombie (D:9)
  A hound skeleton (D:6)
  2 mummies (Ossuary)
  A worker ant zombie (D:8)
  9 adders
  15 gnolls
  A howler monkey skeleton (D:3)
  3 river rats
  2 shadow imps
  3 adder zombies
  2 adder skeletons
  2 worms
  2 dart slugs
  9 leopard geckos
  51 orcs
  A ball python (D:7)
  9 bats
  6 giant cockroaches
  8 goblins
  3 hobgoblins
  12 jackals
  4 quokkas
  5 frilled lizards
  2 giant cockroach zombies
  A goblin zombie (Ossuary)
  12 hobgoblin zombies (Ossuary)
  A jackal skeleton (D:3)
  2 jackal zombies (Ossuary)
  17 kobolds
  8 kobold zombies (Ossuary)
  2 leopard gecko skeletons (D:3)
  A leopard gecko zombie (D:3)
  7 orc zombies (Ossuary)
  3 quokka skeletons
  16 rats
308 creatures vanquished.

Vanquished Creatures (others)
  An orc wizard (D:7)
1 creature vanquished.

Grand Total: 309 creatures vanquished

Notes
Turn   | Place    | Note
-------+----------+-------------------------------------------
     0 | D:1      | MajorAdolf the Naga Wanderer began the quest for the Orb.
     0 | D:1      | MajorAdolf set off with the following items: a +0 club, 2
                  | potions of lignification, a +0 robe, a ration; and the
                  | following spell memorised: Magic Dart; and the following
                  | spells available to memorise: Blink, Call Imp, Slow,
                  | Mephitic Cloud, Conjure Flame
     0 | D:1      | Reached XP level 1. HP: 18/18 MP: 4/4
   549 | D:1      | Reached XP level 2. HP: 24/26 MP: 6/6
   819 | D:1      | Reached skill level 1 in Armour
  1132 | D:1      | Reached XP level 3. HP: 32/32 MP: 7/7
  1637 | D:2      | Found a glowing golden altar of the Shining One.
  1638 | D:2      | Found a sacrificial altar of Ru.
  1646 | D:2      | Found a basalt altar of Yredelemnul.
  1647 | D:2      | Found a burning altar of Makhleb.
  2069 | D:2      | Reached XP level 4. HP: 37/40 MP: 8/8
  3088 | D:4      | Reached XP level 5. HP: 19/48 MP: 9/9
  3768 | D:4      | Got a scorched turquoise ring
  3769 | D:4      | Identified the ring of Budah {rF- Str+3 Int+3 Stlth+} (You
                  | found it on level 4 of the Dungeon)
  3793 | D:4      | Reached XP level 6. HP: 51/55 MP: 10/10
  4285 | D:4      | Reached skill level 1 in Axes
  4512 | D:4      | Reached XP level 7. HP: 49/62 MP: 11/11
  4609 | D:5      | Entered Level 5 of the Dungeon
  5000 | D:5      | Reached skill level 2 in Axes
  5501 | D:5      | Found a runed translucent door.
  5502 | D:5      | Noticed Crazy Yiuf
  5539 | D:5      | Found an iron altar of Okawaru.
  5756 | D:5      | Found a blossoming altar of Fedhas.
  6407 | D:6      | Reached skill level 5 in Armour
  6423 | D:6      | Reached XP level 8. HP: 39/72 MP: 12/12
  6476 | D:6      | Found a glowing drain.
  6495 | Sewer    | Entered a sewer
  6882 | Sewer    | Reached skill level 3 in Axes
  6904 | Sewer    | Found a white marble altar of Elyvilon.
  6959 | D:7      | Found a sand-covered staircase.
  6968 | Ossuary  | Entered an ossuary
  8348 | D:7      | Reached skill level 5 in Fighting
  8372 | D:7      | Reached skill level 4 in Axes
  8784 | D:7      | Reached XP level 9. HP: 61/81 MP: 13/13
  9493 | D:7      | Found a bloodstained altar of Trog.
  9499 | D:7      | Reached skill level 5 in Axes
  9601 | D:7      | Noticed Pikel
  9617 | D:7      | Killed Pikel
  9839 | D:6      | Reached skill level 6 in Axes
 10076 | D:6      | Found a staircase to the Ecumenical Temple.
 10221 | D:6      | Reached skill level 1 in Evocations
 10523 | Temple   | Entered the Ecumenical Temple
 10855 | Temple   | Became a worshipper of Gozag Ym Sagoz the Greedy
 10930 | D:8      | Found an ancient bone altar of Kikubaaqudgha.
 10930 | D:8      | Found a stormy altar of Qazlal.
 10968 | D:8      | Noticed Erica
 10991 | D:8      | Killed Erica
 10991 | D:8      | Reached skill level 7 in Axes
 10991 | D:8      | Reached skill level 5 in Dodging
 10991 | D:8      | Reached XP level 10. HP: 40/91 MP: 14/14
 11471 | D:8      | Got a translucent war axe
 11473 | D:8      | Identified the +3 war axe of the Puffin {antimagic, rF++}
                  | (You found it on level 8 of the Dungeon)
 11726 | D:8      | Found a shimmering blue altar of Sif Muna.
 11934 | D:8      | Noticed Joseph
 11971 | D:8      | Killed Joseph
 12168 | D:8      | Noticed Prince Ribbit
 12184 | D:8      | Killed Prince Ribbit
 12184 | D:8      | Reached skill level 8 in Axes
 12771 | D:8      | Noticed Harold
 13018 | D:8      | Noticed a kobold demonologist
 13032 | D:8      | Killed a kobold demonologist
 13176 | D:9      | Noticed a two-headed ogre
 13234 | D:8      | Gained mutation: You have a somewhat thin skeletal
                  | structure. (Dex +2, Stealth) [potion of mutation]
 13234 | D:8      | Gained mutation: You are robust. (+10% HP) [potion of
                  | mutation]
 13283 | D:8      | Found a runed translucent gate.
 13283 | D:8      | Found a runed translucent gate.
 13283 | D:8      | Noticed hazymike's ghost (novice OgSk)
 13284 | D:8      | Found a runed translucent gate.
 13284 | D:8      | Noticed kolakolka's ghost (novice TrMo)
 13284 | D:8      | Noticed Jaiteiro's ghost (novice GnFi)
 13463 | D:8      | Got a wavering jade amulet
 13576 | D:9      | Killed a two-headed ogre
 13965 | D:9      | Found a radiant altar of Vehumet.
 14031 | D:9      | Reached XP level 11. HP: 98/106 MP: 5/15
 14825 | D:10     | Entered Level 10 of the Dungeon
 14825 | D:10     | Noticed Gastronok
 14858 | D:10     | Reached skill level 9 in Axes
 15214 | D:10     | Bought an ancient scale mail for 180 gold pieces
 15214 | D:10     | Bought a transparent scale mail for 180 gold pieces
 15224 | D:10     | Identified the +0 scale mail of Understanding {rC+} (You
                  | bought it in a shop on level 10 of the Dungeon)
 15234 | D:10     | Identified the cursed +1 scale mail "Rotiozos" {Dex+2} (You
                  | bought it in a shop on level 10 of the Dungeon)
 15250 | D:10     | Noticed a two-headed ogre
 15256 | D:10     | Killed a two-headed ogre
 15256 | D:10     | Reached skill level 5 in Evocations
 15372 | D:10     | Noticed a cyclops
 15394 | D:10     | Killed a cyclops
 15687 | D:10     | Slain by an orc warrior

Levels and vault maps discovered:
D:1:      minmay_arrival_cross, layout_loops_cross
D:2:      layout_loops_corners, minitemple, first_ration, grunt_ministairs_8
D:3:      layout_basic, serial_undead, serial_undead_c, serial_undead_f,
          serial_undead_d, serial_undead_c, serial_undead_d, serial_undead_e,
          corexii_leaking_fountain, serial_park_tiny_pond
D:4:      layout_cave_pools
D:5:      layout_gridville, kennysheep_mini_moat, kennysheep_okawaru_gauntlet,
          uniq_crazy_yiuf_cottage
D:6:      layout_loops_cross, minmay_temple_entry_nine_rooms,
          portal_sewer_entry_a
D:7:      layout_rooms, trog_eyes_of_draining, nicolae_ossuary_entry_ruins,
          uniq_pikel
D:8:      layout_loops_corners, lemuel_doored_altar,
          chequers_temple_overflow_statue_of_worship, gammafunk_ghost_cemetery,
          uniq_joseph, uniq_harold, uniq_prince_ribbit1, uniq_erica
D:9:      layout_layer_cave, vehumet_statue
D:10:     layout_roguey [special_room_orc], lair_entry_dummy, uniq_gastronok,
          uniq_psyche
Temple:   hc_temple_tempest_star

Skill      XL: |  1  2  3  4  5  6  7  8  9 10 11 |
---------------+----------------------------------+-----
Fighting       | 2 3 4 5 6 |  6.2
Armour         | 1 2 3 4 5 6 7 |  7.7
Axes           | 1 2 4 7 8 9 |  9.6
Dodging        | 2 3 5 6 |  6.3
Evocations     | 2 4 5 |  5.1
Stealth        | |  1.5
Shields        | |  1.0
Unarmed Combat | |  1.0
Spellcasting   | |  3.0
Air Magic      | |  2.0

Action                   |  1- 3 |  4- 6 |  7- 9 | 10-12 || total
-------------------------+-------+-------+-------+-------++-------
Melee: Unarmed           |    27 |       |       |       ||    27
       Dagger            |   102 |   173 |   604 |       ||   879
       Punch             |       |     1 |     6 |     1 ||     8
       War axe           |       |       |   128 |   356 ||   484
Invok: Call Merchant     |       |       |       |     1 ||     1
 Abil: Spit Poison       |     3 |     5 |     5 |     6 ||    19
Evoke: Wand              |       |       |    15 |     3 ||    18
  Use: Scroll            |       |     4 |     8 |     8 ||    20
       Potion            |       |     2 |     6 |     5 ||    13
 Stab: Invisible         |       |       |     4 |     2 ||     6
       Distracted        |       |       |       |     3 ||     3
  Eat: Chunk             |     2 |     7 |     6 |       ||    15
       Ration            |       |       |     3 |     5 ||     8
Armor: Chain mail        |    91 |    42 |   384 |   158 ||   675
       Robe              |     1 |       |       |       ||     1
       Scale mail        |       |    33 |       |    23 ||    56
       Skin              |       |    51 |   144 |       ||   195
Dodge: Dodged            |    32 |    48 |   184 |   165 ||   429
